cohdb
Replays
Latest Replays
All Replays
Popular Replays
Top Player Replays
Match Explorer
How It Works
Community
CoH3 Stats
Reddit
Sign in to upload your games and track your stats! →
Sign in with Steam
Match 44390906
Unlisted
Match 44390906
Overview
Messages
Build Orders
End
Panzergrenadier Squad
Kradschützen Motorcycle Team
Panzergrenadier Squad
Construct Light Support Kompanie
2.5-tonne Medical Truck
MG34 Team
Fire Support Elements
Assault Grenadier Squad
Pak 38 Mechanized Group
Selects Italian Infantry
Selects Defensive Operations
Forward Retreat Point
Selects Prepared Positions
Construct Panzerarmee Kommand
Rapid Advance
Tungsten Core Ammunition
Selects Obice 305mm Barrage
Obice 305mm Barrage
Armored Reserves
Tiger Heavy Tank
Advanced Optics
Kradschützen Motorcycle Team
Walking Stuka Rocket Launcher
Selects Guastatori Squad
Selects Registered Artillery
Panzer IV Assault Group
Emergency Repair Kits
Registered Artillery
Obice 305mm Barrage
Vehicle Survival Package
Panzerpioneer Squad
Panzer IV Assault Group
MuniekPL
Husar
就TM你叫夏洛啊
TheWalkingDude
bamsir
LobbyMaster
0
0
Comments
sign in to comment!
No comments posted yet!